 Dungeon Crawl Stone Soup version 0.29.1-4-g47bece8355 (webtiles) character file.

Game seed: 4117667580025096728

14 hawla the Gusty (level 2, -1/20 HPs)
             Began as a Meteoran Air Elementalist on Dec 10, 2022.
             Slain by an adder (2 damage)
             ... on level 2 of the Dungeon.
             The game lasted 00:01:58 (141 turns).

hawla the Gusty (Meteoran Air Elementalist)          Turns: 141, Time: 00:01:59

Health: -1/20      AC:  2    Str:  9    XL:     2   Next: 82%
Magic:  2/6        EV: 12    Int: 16    God:
Gold:   24         SH:  0    Dex: 14    Spells: 3/6 levels left

rFire   . . .      SeeInvis .   c - staff of conjuration
rCold   . . .      Faith    .   (no shield)
rNeg    . . .      Spirit   .   a - +0 robe
rPois   .          Reflect  .   (no helmet)
rElec   .          Harm     .   (no cloak)
rCorr   .          Rampage  .   (no gloves)
Will    .....                   (no boots)
Stlth   +.........              (no amulet)
HPRegen 0.06/turn               (no ring)
MPRegen 0.10/turn               (no ring)

@: glowing
A: sense surroundings 1, otherworldly, glowing, explore regen
a: no special abilities


You were on level 2 of the Dungeon.
You visited 1 branch of the dungeon, and saw 2 of its levels.

You collected 24 gold pieces.

Inventory:

Armour
 a - a +0 robe (worn)
Magical Staves
 c - a staff of conjuration (weapon)
Potions
 b - a potion of magic
 d - 2 potions of haste {unknown}


   Skills:
 - Level 2.5 Dodging
 - Level 1.4 Stealth
 - Level 2.8 Spellcasting
 + Level 1.5 Conjurations
 - Level 4.2 Air Magic


You had 3 spell levels left.
You knew the following spells:

 Your Spells              Type           Power      Damage    Failure   Level
a - Shock                 Conj/Air       68%        1d7       6%          1
b - Static Discharge      Conj/Air       17%        3-6/arc   9%          2

Your spell library contained the following spells:

 Spells                   Type           Power      Damage    Failure   Level
 Swiftness                Air            16%        N/A       10%         3
 Airstrike                Air            8%         2d(2-18)  32%         4


Dungeon Overview and Level Annotations

Branches:
Dungeon (2/15) Zot: 1058

Altars:


Innate Abilities, Weirdness & Mutations

You passively map a small area around you.
You are easily found by Zot.
You glow in the dark.
You regain HP and MP as you explore.


Message History

Your magical contamination has completely faded away.
You hit the hobgoblin but do no damage. The giant cockroach bites you.
* * * LOW HITPOINT WARNING * * *
The hobgoblin hits you but does no damage.
You barely miss the giant cockroach.
The giant cockroach is moderately wounded.
The giant cockroach bites you but does no damage.
The hobgoblin hits you but does no damage.
The giant cockroach bites you but does no damage.
You hit the giant cockroach but do no damage.
The giant cockroach is moderately wounded.
The hobgoblin barely misses you.
The giant cockroach waves its antennae.
The giant cockroach bites you but does no damage.
Casting: Shock (safe; 6% risk of failure)
Confirm with . or Enter, or press ? or * to list all spells.
Aiming: Shock (safe; 6% risk of failure)
Press: ? - help, Shift-Dir - straight line, f/p - giant cockroach
Aim: a giant cockroach (moderately wounded, 71% to hit)
You feel a surge of power!
The zap hits the giant cockroach.
You kill the giant cockroach!
The hobgoblin barely misses you.
You see here a giant cockroach corpse.
The hobgoblin attacks as you move away!
The hobgoblin hits you but does no damage.
The hobgoblin attacks as you move away! The hobgoblin barely misses you.
The hobgoblin attacks as you move away! The hobgoblin hits you.
* * * LOW HITPOINT WARNING * * *
Casting: Shock (safe; 6% risk of failure)
Confirm with . or Enter, or press ? or * to list all spells.
Aiming: Shock (safe; 6% risk of failure)
Press: ? - help, Shift-Dir - straight line
Okay, then.
The hobgoblin attacks as you move away! The hobgoblin barely misses you.
An adder comes into view.
The adder hisses angrily.
Found 10 gold pieces.
The adder bites you.
* * * LOW HITPOINT WARNING * * *
The adder attacks as you move away! The adder bites you.
You die...

* ### . ..# #* *
#.# # #.# #### ###
# #.# #.., $.# #
#.# #.# #.# #
#†###.####.# #
#.#.....##@#
#######........gS#
............#.##.#
#########.###.##.#
#.....#... *
######.#.## * ,
*.#.. .#..* * #...
, ,


You could see an adder and a hobgoblin.

Vanquished Creatures
  An adder (D:2)
  A bat (D:2)
  An endoplasm (D:2)
  A giant cockroach (D:2)
  A frilled lizard (D:2)
  A rat (D:2)
6 creatures vanquished.

Notes
Turn   | Place    | Note
-------+----------+-------------------------------------------
     0 | D:1      | hawla the Meteoran Air Elementalist began the quest for the
                  | Orb.
     0 | D:1      | Reached XP level 1. HP: 14/14 MP: 5/5
    86 | D:2      | Reached skill level 4 in Air Magic
    86 | D:2      | Reached XP level 2. HP: 2/20 MP: 1/6
   111 | D:2      | Learned a level 2 spell: Static Discharge
   134 | D:2      | HP: 1/20 [hobgoblin (4)]
   140 | D:2      | HP: 1/20 [adder (2)]
   141 | D:2      | Slain by an adder

Illustrated notes

Levels and vault maps discovered:
D:1:      evilmike_arrival_hilbert_curve, layout_basic,
          ebering_ecumenical_altar_mist
D:2:      layout_loops_ring, st_stairs_9, minmay_misc_feat_alley,
          minmay_worlds_worst_comb, uniq_crazy_yiuf_cottage

Skill      XL: |  1 |
---------------+----+-----
Air Magic      | 4 |  4.2
Dodging        | |  2.5
Stealth        | |  1.4
Spellcasting   | |  2.8
Conjurations   | |  1.5

Action                   || total
-------------------------++-------
Melee: Staff             ||     7
 Cast: Shock             ||    13
Armor: Robe              ||    13
Dodge: Dodged            ||    10
